AoeStats
← Alvardo

Nomad

510411362Analyzed
2v2 RM · 10h ago on Sep 30, 2026· 24m 45s· 4 players
Game mode
Random Map
Map size
176×176
Population
200
Speed
Normal
Resources
Standard
Victory
Conquest
Starting age
Dark Age
Ending age
Imperial Age
RankedLock teamsTeams togetherTeam positionsShared explorationLock speedFull tech treeHidden civsTurbo modeCheats
Victory
Defeat
🇺🇸 Spanish · United States
937
+19
🇦🇷 Goths · Argentina
894
+20
🇦🇷 Spanish · Argentina
1002
-20
🇦🇷 Mongols · Argentina
979
-19
joaquinrainone
2:51 Loom
15:32 Feudal Age
20:17 Castle Age
18:30 Double-Bit Axe
18:26 Horse Collar
18:37 Gold Mining
18:54 Stone Mining
18:47 Man-at-Arms
19:16 Town Watch
19:50 Scale Mail Armor
21:40 Wheelbarrow
21:45 Squires
21:59 Long Swordsman
DitchFish6084
6:53 Loom
13:39 Feudal Age
19:36 Castle Age
18:41 Forging
18:46 Fletching
20:37 Medium Warships
20:43 Bodkin Arrow
21:47 Double-Bit Axe
JERO
3:14 Loom
13:55 Feudal Age
17:49 Castle Age
16:33 Double-Bit Axe
16:44 Stone Mining
17:37 Gold Mining
18:20 Padded Archer Armor
21:33 Wheelbarrow
21:44 Leather Archer Armor
Alvardo
6:00 Loom
15:24 Feudal Age
18:38 Town Watch
20:21 Double-Bit Axe
22:21 Horse Collar
24:53 Castle Age
23:25 Gold Mining
Connection lost

Rejoining the realm…

Still unreachable

The connection could not be restored.

Session expired

The server has moved on; the page needs a fresh start.